Canucks vs Bruins (R1)

Created - March 18, 2024 at 19:02

Goals
1 2 3 T
Canucks 0 1 0 1
Bruins 0 1 2 3
Shots
1 2 3 T
Canucks 8 12 8 28
Bruins 8 13 6 27

1st period

No Goal

Penalties :
Brendan Smith (Bos) for Hooking (Minor) at 3:49, Wojtek Wolski (Bos) for Holding (Minor) at 13:27, Craig Smith (Bos) for Interference (Minor) at 19:22

2nd period

1. Canucks , Alexander Kerfoot 19 (J.T. Miller 41, Oliver Ekman-Larsson 32) at 6:00
2. Bruins , Wojtek Wolski 23 (Jonathan Toews 46, Madison Bowey 16) at 7:09

Penalties :
Zack Kassian (Bos) for Tripping (Minor) at 7:23, Casey Cizikas (Bos) for Tripping (Minor) at 7:59

3rd period

3. Bruins , Zack Kassian 31 (Wojtek Wolski 18, Torey Krug 20) at 5:58 (PP)
4. Bruins , Madison Bowey 3 (Gabriel Landeskog 42, Alexander Wennberg 11) at 7:21 (PP)

Penalties :
Jason Demers (Bos) for Holding (Minor) at 0:17, Alexander Edler (Van) for Tripping (Minor) at 3:24, Lawson Crouse (Van) for High sticking (Minor) at 5:45, Tony DeAngelo (Van) for Hooking (Minor) at 7:09, Gabriel Landeskog (Bos) for Hooking (Minor) at 9:52, Eric Wellwood (Bos) for Holding (Minor) at 15:25, Torey Krug (Bos) for Roughing (Minor) at 18:09

Goalie Stats

Petr Mrazek (Van), 24 saves from 27 shots - (0.889), L, 32-18-6, 60:00 minutes
Kevin Poulin (Bos), 27 saves from 28 shots - (0.964), W, 29-20-6, 60:00 minutes

Players Stats for Canucks

Player Name              G  A  P  +/- PIM S  H  SB GA TA FO     MP     PP MP  PK MP  
------------------------------------------------------------------------------------
Alexander Edler          0  0  0   0  2   0  1  2  0  1  0/0    10:56   0:00   0:00 
Alexander Kerfoot        1  0  1   1  0   3  1  0  1  0  25/41  22:50   8:47   0:00 
Beau Bennett             0  0  0   0  0   2  3  0  0  0  0/1     8:14   0:07   0:00 
Ben Harpur               0  0  0   0  0   1  1  0  0  0  0/0    10:42   0:00   0:00 
Chris Bourque            0  0  0   0  0   1  0  0  0  0  0/0     9:09   0:00   0:31 
Denis Gurianov           0  0  0  -1  0   3  0  0  1  0  0/0    17:54   7:25   0:00 
Derek Roy                0  0  0   0  0   2  1  0  0  0  1/2     7:27   0:00   0:10 
Gilbert Brule            0  0  0   0  0   1  1  1  0  0  2/4     9:47   0:19   0:00 
Ilya Kovalchuk           0  0  0   0  0   0  0  0  1  0  0/0     9:27   0:03   0:00 
J.T. Miller              0  1  1   1  0   4  2  1  1  0  3/6    24:34   8:51   1:36 
Jordan Eberle            0  0  0   1  0   2  2  0  2  1  0/1    22:46   7:25   1:39 
Lawson Crouse            0  0  0  -1  2   3  0  0  1  0  0/2    20:08   8:35   0:44 
Oliver Ekman-Larsson     0  1  1   1  0   0  3  1  0  1  0/0    30:28  10:12   1:43 
Robert Nilsson           0  0  0  -1  0   3  0  1  1  1  5/8    18:02   7:25   0:08 
Teemu Hartikainen        0  0  0   0  0   0  1  0  0  0  0/0     7:02   0:00   0:00 
Tony DeAngelo            0  0  0  -1  2   1  1  1  0  1  0/0    18:49   6:07   0:41 
Travis Hamonic           0  0  0   1  0   0  3  3  1  0  0/0    30:28  10:12   1:43 
Tyler Myers              0  0  0  -1  0   2  0  1  0  2  0/0    18:50   6:07   0:41 

Players Stats for Bruins

Player Name              G  A  P  +/- PIM S  H  SB GA TA FO     MP     PP MP  PK MP  
------------------------------------------------------------------------------------
Adam Pelech              0  0  0   0  0   0  1  0  0  0  0/0    12:45   0:00   3:29 
Alexander Wennberg       0  1  1  -1  0   3  0  2  1  1  7/22   15:59   1:07   2:09 
Andreas Athanasiou       0  0  0   0  0   1  1  0  0  0  0/0     7:36   0:00   0:00 
Brendan Smith            0  0  0   1  2   0  1  0  1  3  0/0    19:19   0:57   5:11 
Casey Cizikas            0  0  0   0  2   2  0  1  0  1  4/5    12:03   0:00   3:00 
Craig Smith              0  0  0   0  2   1  1  1  0  0  0/1     9:02   0:00   0:00 
Eric Wellwood            0  0  0   0  2   0  0  0  0  0  0/0    10:42   0:00   1:41 
Gabriel Landeskog        0  1  1  -1  2   4  0  0  1  0  6/11   22:22   1:07   8:28 
Jason Demers             0  0  0  -1  2   1  1  3  0  0  0/0    29:24   1:27   8:56 
Jonathan Toews           0  1  1   1  0   3  2  0  0  0  7/16   17:34   1:17   4:22 
Josh Manson              0  0  0   0  0   0  3  1  0  0  0/0     9:19   0:00   0:00 
Madison Bowey            1  1  2   1  0   1  0  1  2  0  0/0    20:11   0:57   6:10 
Mark Stone               0  0  0   1  0   0  2  0  0  0  0/0    12:53   1:07   0:00 
Radek Faksa              0  0  0   0  0   0  0  0  0  1  2/4     7:36   0:00   0:00 
Taylor Beck              0  0  0   0  0   2  1  0  0  0  1/1     7:45   0:00   0:05 
Torey Krug               0  1  1  -1  2   1  1  0  0  2  0/0    29:04   1:27   8:52 
Wojtek Wolski            1  1  2   1  2   5  3  1  2  0  1/1    16:40   1:17   3:33 
Zack Kassian             1  0  1  -1  2   3  0  1  0  1  1/4    21:55   1:17   7:56 

3 Stars

1 - Kevin Poulin (Bos)
2 - Madison Bowey (Bos)
3 - Wojtek Wolski (Bos)

Power Play

Canucks - 0 on 9 Attempt(s) - 0.00%
Bruins - 2 on 3 Attempt(s) - 66.67%

Penalty Kill

Canucks - 1 on 3 Attempt(s) - 33.33% - Score 0 goal in Penalty Kill
Bruins - 9 on 9 Attempt(s) - 100.00% - Score 0 goal in Penalty Kill

Team Stat

Canucks - Hits : 20 - Faceoff Wins : 36 - Blocked Shots : 11 - Penalty Minutes : 6
Bruins - Hits : 17 - Faceoff Wins : 29 - Blocked Shots : 11 - Penalty Minutes : 18

Official

Referees : Dan Kelly and Dean Morton
Linesman : Bryan Pancich and Andrew Smith

Game Notes

No Game Note

Finance

Level 1 -- Attendance: 6000 (100.00%) -- Ticket Income $600,000
Level 2 -- Attendance: 4601 (92.02%) -- Ticket Income $276,060
Level 3 -- Attendance: 1867 (93.35%) -- Ticket Income $65,345
Level 4 -- Attendance: 3686 (92.15%) -- Ticket Income $92,150
Luxury Box -- Attendance: 911 (91.10%) -- Ticket Income $182,200
Game was played at the TD Garden.
Total Attendance: 17065 (94.81%)
Total Ticket Income: $1,215,755
Other Income: $182,363
Total Income: $1,398,118

Canucks

5 vs 5 Forward 
   Center                   Left Wing                Right Wing               Time % Phy DF OF 
 1 Alexander Kerfoot        J.T. Miller              Jordan Eberle            55     1   2  2  
 2 Robert Nilsson           Denis Gurianov           Lawson Crouse            30     1   2  2  
 3 Gilbert Brule            Chris Bourque            Ilya Kovalchuk           10     1   2  2  
 4 Derek Roy                Teemu Hartikainen        Beau Bennett             5      1   2  2  

5 vs 5 Defense 
   Defense                  Defense                                           Time % Phy DF OF 
 1 Oliver Ekman-Larsson     Travis Hamonic                                    60     1   2  2  
 2 Tyler Myers              Tony DeAngelo                                     25     1   2  2  
 3 Alexander Edler          Ben Harpur                                        10     1   2  2  
 4 Oliver Ekman-Larsson     Tony DeAngelo                                     5      1   2  2  

PowerPlay Forward 
   Center                   Left Wing                Right Wing               Time % Phy DF OF 
 1 Alexander Kerfoot        J.T. Miller              Lawson Crouse            60     1   2  2  
 2 Robert Nilsson           Jordan Eberle            Denis Gurianov           40     1   2  2  

PowerPlay Defense
   Defense                  Defense                                           Time % Phy DF OF 
 1 Oliver Ekman-Larsson     Travis Hamonic                                    60     1   2  2  
 2 Tyler Myers              Tony DeAngelo                                     40     1   2  2  

Penalty Kill 4 Players Forward 
   Center                   Wing                     Time % Phy DF OF 
 1 J.T. Miller              Jordan Eberle            60     1   2  2  
 2 Robert Nilsson           Lawson Crouse            40     1   2  2  

Penalty Kill 4 Players Defense
   Defense                  Defense                  Time % Phy DF OF 
 1 Oliver Ekman-Larsson     Travis Hamonic           60     1   2  2  
 2 Tyler Myers              Tony DeAngelo            40     1   2  2  

Penalty Kill - 3 Players Forward 
   Forward                                           Time % Phy DF OF 
 1 J.T. Miller                                       60     1   2  2  
 2 Jordan Eberle                                     40     1   2  2  

Penalty Kill - 3 Players Defense
   Defense                  Defense                  Time % Phy DF OF 
 1 Oliver Ekman-Larsson     Travis Hamonic           60     1   2  2  
 2 Tyler Myers              Tony DeAngelo            40     1   2  2  

4 vs 4 Forward 
   Center                   Wing                     Time % Phy DF OF 
 1 J.T. Miller              Jordan Eberle            60     1   2  2  
 2 Robert Nilsson           Lawson Crouse            40     1   2  2  

4 vs 4 Defense
   Defense                  Defense                  Time % Phy DF OF 
 1 Oliver Ekman-Larsson     Travis Hamonic           60     1   2  2  
 2 Tyler Myers              Tony DeAngelo            40     1   2  2  

Last Minutes Offensive
   Center                   Left Wing                Right Wing               Defense                  Defense                  
   Alexander Kerfoot        J.T. Miller              Lawson Crouse            Oliver Ekman-Larsson     Travis Hamonic           

Last Minutes Defensive
   Center                   Left Wing                Right Wing               Defense                  Defense                  
   Alexander Kerfoot        J.T. Miller              Jordan Eberle            Oliver Ekman-Larsson     Travis Hamonic           

Goaltenders
Starting : Petr Mrazek              
Backup : Matt Hackett             

Extra Forwards
Normal : Gilbert Brule, Beau Bennett, Lawson Crouse - PP : Gilbert Brule, Beau Bennett - PK : Lawson Crouse
Extra Defensemen
Normal : Tony DeAngelo, Travis Hamonic, Alexander Edler - PP : Tony DeAngelo - PK : Tony DeAngelo, Alexander Edler
Penalty Shots
J.T. Miller, Jordan Eberle, Robert Nilsson, Denis Gurianov, Lawson Crouse
Custom OT Lines Forwards
J.T. Miller, Jordan Eberle, Robert Nilsson, Derek Roy, Ilya Kovalchuk, Gilbert Brule, Chris Bourque, Beau Bennett, Lawson Crouse, Teemu Hartikainen
Custom OT Lines Defensemen
Oliver Ekman-Larsson, Travis Hamonic, Tyler Myers, Ben Harpur, Tony DeAngelo

Scratches
None

Bruins

5 vs 5 Forward 
   Center                   Left Wing                Right Wing               Time % Phy DF OF 
 1 Alexander Wennberg       Gabriel Landeskog        Zack Kassian             40     0   2  3  
 2 Jonathan Toews           Wojtek Wolski            Mark Stone               32     0   2  3  
 3 Casey Cizikas            Eric Wellwood            Craig Smith              19     1   2  2  
 4 Radek Faksa              Taylor Beck              Andreas Athanasiou       9      1   2  2  

5 vs 5 Defense 
   Defense                  Defense                                           Time % Phy DF OF 
 1 Jason Demers             Torey Krug                                        40     0   2  3  
 2 Madison Bowey            Brendan Smith                                     30     1   2  2  
 3 Josh Manson              Adam Pelech                                       20     1   2  2  
 4 Jason Demers             Torey Krug                                        10     1   2  2  

PowerPlay Forward 
   Center                   Left Wing                Right Wing               Time % Phy DF OF 
 1 Jonathan Toews           Wojtek Wolski            Zack Kassian             60     0   2  3  
 2 Alexander Wennberg       Gabriel Landeskog        Mark Stone               40     0   2  3  

PowerPlay Defense
   Defense                  Defense                                           Time % Phy DF OF 
 1 Jason Demers             Torey Krug                                        60     0   2  3  
 2 Madison Bowey            Brendan Smith                                     40     0   2  3  

Penalty Kill 4 Players Forward 
   Center                   Wing                     Time % Phy DF OF 
 1 Gabriel Landeskog        Zack Kassian             60     1   2  2  
 2 Wojtek Wolski            Jonathan Toews           40     1   2  2  

Penalty Kill 4 Players Defense
   Defense                  Defense                  Time % Phy DF OF 
 1 Jason Demers             Torey Krug               60     1   2  2  
 2 Madison Bowey            Brendan Smith            40     1   2  2  

Penalty Kill - 3 Players Forward 
   Forward                                           Time % Phy DF OF 
 1 Gabriel Landeskog                                 60     0   4  1  
 2 Zack Kassian                                      40     0   4  1  

Penalty Kill - 3 Players Defense
   Defense                  Defense                  Time % Phy DF OF 
 1 Jason Demers             Torey Krug               60     1   3  1  
 2 Madison Bowey            Brendan Smith            40     1   3  1  

4 vs 4 Forward 
   Center                   Wing                     Time % Phy DF OF 
 1 Gabriel Landeskog        Zack Kassian             60     1   3  1  
 2 Wojtek Wolski            Jonathan Toews           40     1   3  1  

4 vs 4 Defense
   Defense                  Defense                  Time % Phy DF OF 
 1 Jason Demers             Torey Krug               60     1   3  1  
 2 Madison Bowey            Brendan Smith            40     1   3  1  

Last Minutes Offensive
   Center                   Left Wing                Right Wing               Defense                  Defense                  
   Jonathan Toews           Gabriel Landeskog        Zack Kassian             Jason Demers             Torey Krug               

Last Minutes Defensive
   Center                   Left Wing                Right Wing               Defense                  Defense                  
   Jonathan Toews           Gabriel Landeskog        Zack Kassian             Jason Demers             Torey Krug               

Goaltenders
Starting : Kevin Poulin             
Backup : Tuukka Rask              

Extra Forwards
Normal : Eric Wellwood, Craig Smith, Casey Cizikas - PP : Eric Wellwood, Craig Smith - PK : Casey Cizikas
Extra Defensemen
Normal : Madison Bowey, Jason Demers, Torey Krug - PP : Josh Manson - PK : Adam Pelech, Madison Bowey
Penalty Shots
Gabriel Landeskog, Zack Kassian, Wojtek Wolski, Jonathan Toews, Alexander Wennberg
Custom OT Lines Forwards
Gabriel Landeskog, Zack Kassian, Wojtek Wolski, Jonathan Toews, Alexander Wennberg, Mark Stone, Eric Wellwood, Craig Smith, Casey Cizikas, Taylor Beck
Custom OT Lines Defensemen
Jason Demers, Torey Krug, Madison Bowey, Brendan Smith, Josh Manson

Scratches
None


% Time on Ice - Canucks

Lines # - Real PCT - Wanted PCT - Time Play
Normal Forward
1 - 37% - 55% - 15:23
2 - 25% - 30% - 10:29
3 - 20% - 10% - 8:23
4 - 17% - 5% - 7:02
Normal Defense
1 - 45% - 60% - 18:33
2 - 29% - 25% - 12:02
3 - 26% - 10% - 10:42
4 - 0% - 5% - 0:00
PP Forward
1 - 55% - 60% - 8:54
2 - 45% - 40% - 7:25
PP Defense
1 - 63% - 60% - 10:12
2 - 37% - 40% - 6:07
PK Forward
1 - 94% - 60% - 2:16
2 - 6% - 40% - 0:08
PK Defense
1 - 72% - 60% - 1:43
2 - 28% - 40% - 0:41
PK3 Forward
1 - 0% - 60%
2 - 0% - 40%
PK3 Defense
1 - 0% - 60%
2 - 0% - 40%
44 Forward
1 - 0% - 60%
2 - 0% - 40%
44 Defense
1 - 0% - 60%
2 - 0% - 40%
Last Minute Offensive  - 0:00
Last Minute Defensive  - 0:00
Total
Forward - 60:00
Defense - 60:00

% Time on Ice - Bruins

Lines # - Real PCT - Wanted PCT - Time Play
Normal Forward
1 - 31% - 40% - 12:48
2 - 29% - 32% - 11:51
3 - 22% - 19% - 9:02
4 - 18% - 9% - 7:36
Normal Defense
1 - 42% - 40% - 17:16
2 - 32% - 30% - 13:04
3 - 23% - 20% - 9:19
4 - 4% - 10% - 1:38
PP Forward
1 - 53% - 60% - 1:17
2 - 47% - 40% - 1:07
PP Defense
1 - 60% - 60% - 1:27
2 - 40% - 40% - 0:57
PK Forward
1 - 71% - 60% - 10:39
2 - 29% - 40% - 4:17
PK Defense
1 - 64% - 60% - 9:31
2 - 36% - 40% - 5:25
PK3 Forward
1 - 59% - 60% - 0:49
2 - 41% - 40% - 0:34
PK3 Defense
1 - 46% - 60% - 0:38
2 - 54% - 40% - 0:45
44 Forward
1 - 0% - 60%
2 - 0% - 40%
44 Defense
1 - 0% - 60%
2 - 0% - 40%
Last Minute Offensive  - 0:00
Last Minute Defensive  - 0:00
Total
Forward - 60:00
Defense - 60:00

Play-by-Play

1st period


0:01 of 1st period - Alexander Kerfoot wins face-off versus Alexander Wennberg in neutral zone.
0:04 of 1st period - Snap shot by J.T. Miller.
0:04 of 1st period - Stopped by Kevin Poulin without a rebound.
0:05 of 1st period - Alexander Kerfoot wins face-off versus Alexander Wennberg in Bruins zone.
0:18 of 1st period - Slapshot by J.T. Miller.
0:18 of 1st period - Shot Misses the Net.
0:20 of 1st period - Slapshot by Oliver Ekman-Larsson.
0:20 of 1st period - Shot Blocked by Zack Kassian.
0:32 of 1st period - Oliver Ekman-Larsson is hit by Mark Stone and loses puck.
0:55 of 1st period - Snap shot by Casey Cizikas.
0:55 of 1st period - Stopped by Petr Mrazek with a rebound.
2:42 of 1st period - Icing by Teemu Hartikainen.
2:43 of 1st period - Radek Faksa wins face-off versus Beau Bennett in Canucks zone.
2:57 of 1st period - Off-side.
2:58 of 1st period - Alexander Kerfoot wins face-off versus Alexander Wennberg in neutral zone.
3:15 of 1st period - Wrist shot by J.T. Miller.
3:15 of 1st period - Stopped by Kevin Poulin without a rebound.
3:16 of 1st period - Robert Nilsson wins face-off versus Jonathan Toews in Bruins zone.
3:17 of 1st period - Wrist shot by Denis Gurianov.
3:17 of 1st period - Deflect By Robert Nilsson.
3:17 of 1st period - Stopped by Kevin Poulin with a rebound.
3:19 of 1st period - Snap shot by Robert Nilsson.
3:19 of 1st period - Stopped by Kevin Poulin with a rebound.
3:49 of 1st period - Minor Penalty to Brendan Smith for Hooking.
3:50 of 1st period - Alexander Kerfoot wins face-off versus Gabriel Landeskog in Bruins zone.
3:57 of 1st period - Icing by Travis Hamonic.
3:58 of 1st period - J.T. Miller wins face-off versus Gabriel Landeskog in Canucks zone.
4:27 of 1st period - Adam Pelech is hit by Jordan Eberle and loses puck.
5:49 of 1st period - Penalty to Brendan Smith is over, Brendan Smith is back on ice.
5:54 of 1st period - J.T. Miller is hit by Craig Smith and loses puck.
6:25 of 1st period - Icing by Jason Demers.
6:26 of 1st period - Taylor Beck wins face-off versus Derek Roy in Bruins zone.
6:26 of 1st period - Taylor Beck is hit by Beau Bennett.
7:19 of 1st period - Slapshot by Alexander Wennberg.
7:19 of 1st period - Deflect By Gabriel Landeskog.
7:19 of 1st period - Stopped by Petr Mrazek with a rebound.
7:23 of 1st period - Snap shot by Gabriel Landeskog.
7:23 of 1st period - Stopped by Petr Mrazek with a rebound.
7:45 of 1st period - Snap shot by Eric Wellwood.
7:45 of 1st period - Shot Misses the Net.
8:47 of 1st period - Josh Manson is hit by Tony DeAngelo.
9:11 of 1st period - Tony DeAngelo is hit by Josh Manson.
9:49 of 1st period - Snap shot by Lawson Crouse.
9:49 of 1st period - Shot Misses the Net.
9:51 of 1st period - Slapshot by Robert Nilsson.
9:51 of 1st period - Shot Blocked by Josh Manson.
10:09 of 1st period - Slapshot by Alexander Wennberg.
10:09 of 1st period - Stopped by Petr Mrazek without a rebound.
10:10 of 1st period - Alexander Kerfoot wins face-off versus Zack Kassian in Canucks zone.
10:15 of 1st period - Gabriel Landeskog is hit by Travis Hamonic and loses puck.
10:26 of 1st period - Zack Kassian is hit by Alexander Kerfoot and loses puck.
11:47 of 1st period - Snap shot by Alexander Wennberg.
11:47 of 1st period - Deflect By Zack Kassian.
11:47 of 1st period - Shot Hit the Post.
11:47 of 1st period - Puck is out of play.
11:48 of 1st period - Alexander Kerfoot wins face-off versus Jonathan Toews in Canucks zone.
12:43 of 1st period - Wrist shot by Gilbert Brule.
12:43 of 1st period - Stopped by Kevin Poulin without a rebound.
12:44 of 1st period - Alexander Kerfoot wins face-off versus Jonathan Toews in Bruins zone.
13:20 of 1st period - Snap shot by Denis Gurianov.
13:20 of 1st period - Shot Blocked by Alexander Wennberg.
13:22 of 1st period - Snap shot by Denis Gurianov.
13:22 of 1st period - Stopped by Kevin Poulin without a rebound.
13:23 of 1st period - Alexander Kerfoot wins face-off versus Jonathan Toews in Bruins zone.
13:27 of 1st period - Minor Penalty to Wojtek Wolski for Holding.
13:28 of 1st period - Alexander Kerfoot wins face-off versus Gabriel Landeskog in Bruins zone.
13:54 of 1st period - Jason Demers is hit by Oliver Ekman-Larsson and loses puck.
14:17 of 1st period - Slapshot by Jonathan Toews.
14:17 of 1st period - Stopped by Petr Mrazek with a rebound.
15:27 of 1st period - Penalty to Wojtek Wolski is over, Wojtek Wolski is back on ice.
15:35 of 1st period - Icing by Oliver Ekman-Larsson.
15:36 of 1st period - Gilbert Brule wins face-off versus Radek Faksa in Canucks zone.
15:54 of 1st period - Jason Demers is hit by Travis Hamonic and loses puck.
16:11 of 1st period - Slapshot by Torey Krug.
16:11 of 1st period - Shot Misses the Net.
16:27 of 1st period - Icing by Radek Faksa.
16:28 of 1st period - Radek Faksa wins face-off versus Alexander Kerfoot in Bruins zone.
16:45 of 1st period - Snap shot by Taylor Beck.
16:45 of 1st period - Stopped by Petr Mrazek with a rebound.
16:47 of 1st period - Wrist shot by Torey Krug.
16:47 of 1st period - Shot Misses the Net.
17:33 of 1st period - Snap shot by Andreas Athanasiou.
17:33 of 1st period - Shot Blocked by Tyler Myers.
17:35 of 1st period - Wrist shot by Andreas Athanasiou.
17:35 of 1st period - Stopped by Petr Mrazek without a rebound.
17:36 of 1st period - Robert Nilsson wins face-off versus Alexander Wennberg in Canucks zone.
17:51 of 1st period - Slapshot by Zack Kassian.
17:51 of 1st period - Shot Blocked by Alexander Edler.
18:05 of 1st period - Snap shot by Derek Roy.
18:05 of 1st period - Stopped by Kevin Poulin with a rebound.
18:07 of 1st period - Wrist shot by Beau Bennett.
18:07 of 1st period - Stopped by Kevin Poulin with a rebound.
18:19 of 1st period - Snap shot by Gabriel Landeskog.
18:19 of 1st period - Shot Misses the Net.
18:31 of 1st period - Travis Hamonic is hit by Mark Stone and loses puck.
19:00 of 1st period - Snap shot by Casey Cizikas.
19:00 of 1st period - Stopped by Petr Mrazek with a rebound.
19:22 of 1st period - Minor Penalty to Craig Smith for Interference.
19:23 of 1st period - Gabriel Landeskog wins face-off versus Alexander Kerfoot in Bruins zone.
19:47 of 1st period - Gabriel Landeskog is hit by Oliver Ekman-Larsson and loses puck.
19:58 of 1st period - Snap shot by Jordan Eberle.
19:58 of 1st period - Shot Misses the Net.
Goals for this period are 0 for Canucks vs 0 for Bruins.
Shots for this period are 8 for Canucks vs 8 for Bruins.

2nd period


0:01 of 2nd period - Gabriel Landeskog wins face-off versus Alexander Kerfoot in neutral zone.
1:22 of 2nd period - Penalty to Craig Smith is over, Craig Smith is back on ice.
1:47 of 2nd period - Snap shot by Taylor Beck.
1:47 of 2nd period - Shot Blocked by Tony DeAngelo.
2:09 of 2nd period - Ben Harpur is hit by Josh Manson and loses puck.
2:16 of 2nd period - Slapshot by Jonathan Toews.
2:16 of 2nd period - Shot Misses the Net.
2:18 of 2nd period - Slapshot by Wojtek Wolski.
2:18 of 2nd period - Shot Misses the Net.
2:56 of 2nd period - Torey Krug is hit by Beau Bennett and loses puck.
3:05 of 2nd period - Andreas Athanasiou is hit by Beau Bennett and loses puck.
3:48 of 2nd period - Slapshot by Chris Bourque.
3:48 of 2nd period - Shot Misses the Net.
4:05 of 2nd period - Zack Kassian is hit by Alexander Edler and loses puck.
4:56 of 2nd period - Wrist shot by Chris Bourque.
4:56 of 2nd period - Shot Misses the Net.
4:58 of 2nd period - Snap shot by Ben Harpur.
4:58 of 2nd period - Stopped by Kevin Poulin with a rebound.
5:48 of 2nd period - Off-side.
5:49 of 2nd period - Alexander Kerfoot wins face-off versus Alexander Wennberg in neutral zone.
5:58 of 2nd period - Snap shot by J.T. Miller.
5:58 of 2nd period - Shot Misses the Net.
6:00 of 2nd period - Slapshot by Alexander Kerfoot.
6:00 of 2nd period - Goal by Alexander Kerfoot - Canucks : 1 - Bruins : 0.
6:01 of 2nd period - Gabriel Landeskog wins face-off versus Jordan Eberle in neutral zone.
6:28 of 2nd period - Oliver Ekman-Larsson is hit by Wojtek Wolski and loses puck.
6:37 of 2nd period - Backhand shot by Lawson Crouse.
6:37 of 2nd period - Stopped by Kevin Poulin without a rebound.
6:38 of 2nd period - Jonathan Toews wins face-off versus Alexander Kerfoot in Bruins zone.
7:09 of 2nd period - Wrist shot by Wojtek Wolski.
7:09 of 2nd period - Goal by Wojtek Wolski - Canucks : 1 - Bruins : 1.
7:10 of 2nd period - Alexander Kerfoot wins face-off versus Alexander Wennberg in neutral zone.
7:21 of 2nd period - Snap shot by Jordan Eberle.
7:21 of 2nd period - Shot Blocked by Jason Demers.
7:23 of 2nd period - Minor Penalty to Zack Kassian for Tripping.
7:24 of 2nd period - Alexander Kerfoot wins face-off versus Gabriel Landeskog in Bruins zone.
7:27 of 2nd period - Wrist shot by Lawson Crouse.
7:27 of 2nd period - Shot Blocked by Jason Demers.
7:49 of 2nd period - Jason Demers is hit by Travis Hamonic and loses puck.
7:59 of 2nd period - Minor Penalty to Casey Cizikas for Tripping.
8:00 of 2nd period - Gabriel Landeskog wins face-off versus Alexander Kerfoot in Bruins zone.
8:16 of 2nd period - Slapshot by J.T. Miller.
8:16 of 2nd period - Shot Blocked by Jason Demers.
9:23 of 2nd period - Penalty to Zack Kassian is over, Zack Kassian is back on ice.
9:59 of 2nd period - Penalty to Casey Cizikas is over, Casey Cizikas is back on ice.
10:07 of 2nd period - Snap shot by Casey Cizikas.
10:07 of 2nd period - Shot Misses the Net.
10:09 of 2nd period - Slapshot by Torey Krug.
10:09 of 2nd period - Deflect By Ilya Kovalchuk.
10:09 of 2nd period - Stopped by Petr Mrazek without a rebound.
10:10 of 2nd period - Jonathan Toews wins face-off versus Gilbert Brule in Canucks zone.
10:13 of 2nd period - Slapshot by Mark Stone.
10:13 of 2nd period - Shot Blocked by Alexander Edler.
10:15 of 2nd period - Snap shot by Jonathan Toews.
10:15 of 2nd period - Shot Blocked by Gilbert Brule.
10:17 of 2nd period - Wrist shot by Wojtek Wolski.
10:17 of 2nd period - Shot Misses the Net.
10:45 of 2nd period - Wrist shot by Craig Smith.
10:45 of 2nd period - Stopped by Petr Mrazek with a rebound.
11:07 of 2nd period - Wrist shot by Jordan Eberle.
11:07 of 2nd period - Shot Misses the Net.
11:19 of 2nd period - Oliver Ekman-Larsson is hit by Brendan Smith and loses puck.
11:28 of 2nd period - Snap shot by Taylor Beck.
11:28 of 2nd period - Stopped by Petr Mrazek without a rebound.
11:29 of 2nd period - Wojtek Wolski wins face-off versus Alexander Kerfoot in Canucks zone.
11:32 of 2nd period - Snap shot by Wojtek Wolski.
11:32 of 2nd period - Stopped by Petr Mrazek with a rebound.
11:34 of 2nd period - Snap shot by Wojtek Wolski.
11:34 of 2nd period - Stopped by Petr Mrazek without a rebound.
11:35 of 2nd period - Jonathan Toews wins face-off versus Alexander Kerfoot in Canucks zone.
11:42 of 2nd period - Slapshot by Jonathan Toews.
11:42 of 2nd period - Stopped by Petr Mrazek without a rebound.
11:43 of 2nd period - Alexander Kerfoot wins face-off versus Alexander Wennberg in Canucks zone.
12:10 of 2nd period - Travis Hamonic is hit by Jonathan Toews and loses puck.
12:37 of 2nd period - Wrist shot by Ilya Kovalchuk.
12:37 of 2nd period - Shot Misses the Net.
12:39 of 2nd period - Slapshot by Travis Hamonic.
12:39 of 2nd period - Deflect By Chris Bourque.
12:39 of 2nd period - Shot Blocked by Casey Cizikas.
12:39 of 2nd period - Puck is out of play.
12:40 of 2nd period - Alexander Kerfoot wins face-off versus Alexander Wennberg in Bruins zone.
12:55 of 2nd period - Wrist shot by Zack Kassian.
12:55 of 2nd period - Stopped by Petr Mrazek without a rebound.
12:56 of 2nd period - Alexander Kerfoot wins face-off versus Jonathan Toews in Canucks zone.
12:56 of 2nd period - Alexander Kerfoot is hit by Torey Krug.
13:29 of 2nd period - Slapshot by Gabriel Landeskog.
13:29 of 2nd period - Shot Misses the Net.
13:31 of 2nd period - Wrist shot by Alexander Wennberg.
13:31 of 2nd period - Stopped by Petr Mrazek with a rebound.
13:33 of 2nd period - Wrist shot by Alexander Wennberg.
13:33 of 2nd period - Stopped by Petr Mrazek without a rebound.
13:34 of 2nd period - Gabriel Landeskog wins face-off versus Robert Nilsson in Canucks zone.
13:45 of 2nd period - Snap shot by Gabriel Landeskog.
13:45 of 2nd period - Shot Misses the Net.
13:47 of 2nd period - Snap shot by Zack Kassian.
13:47 of 2nd period - Stopped by Petr Mrazek without a rebound.
13:48 of 2nd period - Alexander Kerfoot wins face-off versus Alexander Wennberg in Canucks zone.
14:18 of 2nd period - Off-side.
14:19 of 2nd period - Jonathan Toews wins face-off versus Lawson Crouse in neutral zone.
14:25 of 2nd period - Wrist shot by Wojtek Wolski.
14:25 of 2nd period - Stopped by Petr Mrazek with a rebound.
14:39 of 2nd period - Slapshot by Tony DeAngelo.
14:39 of 2nd period - Shot Misses the Net.
14:41 of 2nd period - Slapshot by Denis Gurianov.
14:41 of 2nd period - Stopped by Kevin Poulin with a rebound.
14:43 of 2nd period - Snap shot by Lawson Crouse.
14:43 of 2nd period - Stopped by Kevin Poulin without a rebound.
14:44 of 2nd period - Alexander Wennberg wins face-off versus Alexander Kerfoot in Bruins zone.
14:55 of 2nd period - Snap shot by Alexander Kerfoot.
14:55 of 2nd period - Stopped by Kevin Poulin with a rebound.
15:11 of 2nd period - Gilbert Brule is hit by Wojtek Wolski and loses puck.
15:16 of 2nd period - Wrist shot by Mark Stone.
15:16 of 2nd period - Shot Misses the Net.
15:40 of 2nd period - Off-side.
15:41 of 2nd period - Robert Nilsson wins face-off versus Alexander Wennberg in neutral zone.
15:44 of 2nd period - Slapshot by Tyler Myers.
15:44 of 2nd period - Stopped by Kevin Poulin without a rebound.
15:45 of 2nd period - Alexander Kerfoot wins face-off versus Alexander Wennberg in Bruins zone.
16:12 of 2nd period - Slapshot by Tyler Myers.
16:12 of 2nd period - Stopped by Kevin Poulin without a rebound.
16:13 of 2nd period - Robert Nilsson wins face-off versus Jonathan Toews in Bruins zone.
16:58 of 2nd period - Slapshot by Robert Nilsson.
16:58 of 2nd period - Shot Misses the Net.
17:46 of 2nd period - Slapshot by Wojtek Wolski.
17:46 of 2nd period - Deflect By Jonathan Toews.
17:46 of 2nd period - Shot Misses the Net.
17:46 of 2nd period - Puck is out of play.
17:47 of 2nd period - Alexander Wennberg wins face-off versus Alexander Kerfoot in Canucks zone.
17:56 of 2nd period - Snap shot by Jordan Eberle.
17:56 of 2nd period - Shot Misses the Net.
17:58 of 2nd period - Wrist shot by J.T. Miller.
17:58 of 2nd period - Shot Blocked by Madison Bowey.
18:00 of 2nd period - Wrist shot by J.T. Miller.
18:00 of 2nd period - Shot Misses the Net.
18:04 of 2nd period - Snap shot by J.T. Miller.
18:04 of 2nd period - Stopped by Kevin Poulin without a rebound.
18:05 of 2nd period - Alexander Kerfoot wins face-off versus Casey Cizikas in Bruins zone.
18:08 of 2nd period - Wrist shot by Jordan Eberle.
18:08 of 2nd period - Shot Misses the Net.
18:10 of 2nd period - Wrist shot by Alexander Kerfoot.
18:10 of 2nd period - Deflect By J.T. Miller.
18:10 of 2nd period - Stopped by Kevin Poulin with a rebound.
18:12 of 2nd period - Slapshot by J.T. Miller.
18:12 of 2nd period - Shot Misses the Net.
18:14 of 2nd period - Snap shot by Alexander Kerfoot.
18:14 of 2nd period - Stopped by Kevin Poulin without a rebound.
18:15 of 2nd period - Casey Cizikas wins face-off versus Alexander Kerfoot in Bruins zone.
18:30 of 2nd period - Wrist shot by Jordan Eberle.
18:30 of 2nd period - Shot Misses the Net.
18:36 of 2nd period - Wrist shot by Jordan Eberle.
18:36 of 2nd period - Stopped by Kevin Poulin without a rebound.
18:37 of 2nd period - Gilbert Brule wins face-off versus Alexander Wennberg in Bruins zone.
18:57 of 2nd period - Icing by Gabriel Landeskog.
18:58 of 2nd period - Alexander Kerfoot wins face-off versus Alexander Wennberg in Bruins zone.
18:59 of 2nd period - Wrist shot by J.T. Miller.
18:59 of 2nd period - Shot Blocked by Alexander Wennberg.
19:31 of 2nd period - Slapshot by Jonathan Toews.
19:31 of 2nd period - Shot Blocked by Travis Hamonic.
19:33 of 2nd period - Wrist shot by Mark Stone.
19:33 of 2nd period - Shot Misses the Net.
19:35 of 2nd period - Snap shot by Wojtek Wolski.
19:35 of 2nd period - Shot Blocked by Oliver Ekman-Larsson.
19:37 of 2nd period - Slapshot by Jason Demers.
19:37 of 2nd period - Stopped by Petr Mrazek without a rebound.
19:38 of 2nd period - Casey Cizikas wins face-off versus Alexander Kerfoot in Canucks zone.
Goals for this period are 1 for Canucks vs 1 for Bruins.
Shots for this period are 12 for Canucks vs 13 for Bruins.

3rd period


0:01 of 3rd period - Alexander Kerfoot wins face-off versus Alexander Wennberg in neutral zone.
0:17 of 3rd period - Minor Penalty to Jason Demers for Holding.
0:18 of 3rd period - Alexander Kerfoot wins face-off versus Zack Kassian in Bruins zone.
0:34 of 3rd period - Snap shot by Alexander Kerfoot.
0:34 of 3rd period - Shot Misses the Net.
0:48 of 3rd period - Wrist shot by Wojtek Wolski.
0:48 of 3rd period - Shot Blocked by Robert Nilsson.
2:10 of 3rd period - Tyler Myers is hit by Jonathan Toews and loses puck.
2:17 of 3rd period - Penalty to Jason Demers is over, Jason Demers is back on ice.
2:25 of 3rd period - Ilya Kovalchuk is hit by Taylor Beck and loses puck.
2:57 of 3rd period - Snap shot by Beau Bennett.
2:57 of 3rd period - Shot Blocked by Craig Smith.
3:21 of 3rd period - Wrist shot by Craig Smith.
3:21 of 3rd period - Deflect By Eric Wellwood.
3:21 of 3rd period - Shot Blocked by Travis Hamonic.
3:21 of 3rd period - Puck is out of play.
3:22 of 3rd period - Alexander Kerfoot wins face-off versus Jonathan Toews in Canucks zone.
3:24 of 3rd period - Minor Penalty to Alexander Edler for Tripping.
3:25 of 3rd period - Jonathan Toews wins face-off versus J.T. Miller in Canucks zone.
4:21 of 3rd period - Icing by Wojtek Wolski.
4:22 of 3rd period - Jonathan Toews wins face-off versus Lawson Crouse in Bruins zone.
5:24 of 3rd period - Penalty to Alexander Edler is over, Alexander Edler is back on ice.
5:29 of 3rd period - Josh Manson is hit by Derek Roy and loses puck.
5:38 of 3rd period - Snap shot by Chris Bourque.
5:38 of 3rd period - Deflect By Casey Cizikas.
5:38 of 3rd period - Shot Misses the Net.
5:38 of 3rd period - Puck is out of play.
5:39 of 3rd period - Casey Cizikas wins face-off versus Robert Nilsson in Bruins zone.
5:45 of 3rd period - Minor Penalty to Lawson Crouse for High sticking.
5:46 of 3rd period - J.T. Miller wins face-off versus Jonathan Toews in Canucks zone.
5:56 of 3rd period - Slapshot by Wojtek Wolski.
5:56 of 3rd period - Shot Blocked by J.T. Miller.
5:58 of 3rd period - Wrist shot by Zack Kassian.
5:58 of 3rd period - Goal by Zack Kassian - Canucks : 1 - Bruins : 2.
5:59 of 3rd period - J.T. Miller wins face-off versus Alexander Wennberg in neutral zone.
6:04 of 3rd period - Wrist shot by Jordan Eberle.
6:04 of 3rd period - Stopped by Kevin Poulin without a rebound.
6:05 of 3rd period - Alexander Wennberg wins face-off versus Alexander Kerfoot in Bruins zone.
6:38 of 3rd period - Wrist shot by Robert Nilsson.
6:38 of 3rd period - Shot Blocked by Wojtek Wolski.
6:40 of 3rd period - Slapshot by Denis Gurianov.
6:40 of 3rd period - Shot Misses the Net.
6:42 of 3rd period - Wrist shot by Denis Gurianov.
6:42 of 3rd period - Stopped by Kevin Poulin with a rebound.
7:07 of 3rd period - Snap shot by Wojtek Wolski.
7:07 of 3rd period - Stopped by Petr Mrazek with a rebound.
7:09 of 3rd period - Minor Penalty to Tony DeAngelo for Hooking.
7:10 of 3rd period - Alexander Wennberg wins face-off versus J.T. Miller in Canucks zone.
7:15 of 3rd period - Slapshot by Gabriel Landeskog.
7:15 of 3rd period - Stopped by Petr Mrazek with a rebound.
7:19 of 3rd period - Snap shot by Gabriel Landeskog.
7:19 of 3rd period - Shot Blocked by Travis Hamonic.
7:21 of 3rd period - Wrist shot by Madison Bowey.
7:21 of 3rd period - Goal by Madison Bowey - Canucks : 1 - Bruins : 3.
7:22 of 3rd period - Alexander Wennberg wins face-off versus Alexander Kerfoot in neutral zone.
7:49 of 3rd period - Jason Demers is hit by Oliver Ekman-Larsson and loses puck.
8:53 of 3rd period - Icing by Madison Bowey.
8:54 of 3rd period - Derek Roy wins face-off versus Radek Faksa in Bruins zone.
9:17 of 3rd period - Madison Bowey is hit by Ben Harpur and loses puck.
9:34 of 3rd period - Wrist shot by Beau Bennett.
9:34 of 3rd period - Stopped by Kevin Poulin without a rebound.
9:35 of 3rd period - Alexander Wennberg wins face-off versus Alexander Kerfoot in Bruins zone.
9:50 of 3rd period - Wrist shot by Alexander Kerfoot.
9:50 of 3rd period - Shot Misses the Net.
9:52 of 3rd period - Minor Penalty to Gabriel Landeskog for Hooking.
9:53 of 3rd period - Zack Kassian wins face-off versus Alexander Kerfoot in Bruins zone.
10:18 of 3rd period - Robert Nilsson is hit by Jason Demers and loses puck.
11:52 of 3rd period - Penalty to Gabriel Landeskog is over, Gabriel Landeskog is back on ice.
11:59 of 3rd period - Wrist shot by Gabriel Landeskog.
11:59 of 3rd period - Stopped by Petr Mrazek with a rebound.
12:32 of 3rd period - Ilya Kovalchuk is hit by Andreas Athanasiou and loses puck.
12:45 of 3rd period - Brendan Smith is hit by Teemu Hartikainen and loses puck.
12:58 of 3rd period - Icing by Robert Nilsson.
12:59 of 3rd period - Robert Nilsson wins face-off versus Jonathan Toews in Canucks zone.
13:22 of 3rd period - Jonathan Toews is hit by J.T. Miller.
13:50 of 3rd period - Ilya Kovalchuk is hit by Josh Manson.
14:10 of 3rd period - Wrist shot by Derek Roy.
14:10 of 3rd period - Stopped by Kevin Poulin with a rebound.
15:04 of 3rd period - Icing by Alexander Edler.
15:05 of 3rd period - Jonathan Toews wins face-off versus Robert Nilsson in Canucks zone.
15:14 of 3rd period - Slapshot by Robert Nilsson.
15:14 of 3rd period - Stopped by Kevin Poulin without a rebound.
15:15 of 3rd period - Alexander Kerfoot wins face-off versus Craig Smith in Bruins zone.
15:25 of 3rd period - Minor Penalty to Eric Wellwood for Holding.
15:26 of 3rd period - Alexander Kerfoot wins face-off versus Gabriel Landeskog in Bruins zone.
15:52 of 3rd period - Travis Hamonic is hit by Wojtek Wolski and loses puck.
16:05 of 3rd period - Slapshot by Jonathan Toews.
16:05 of 3rd period - Stopped by Petr Mrazek with a rebound.
16:15 of 3rd period - Snap shot by Lawson Crouse.
16:15 of 3rd period - Stopped by Kevin Poulin without a rebound.
16:16 of 3rd period - Gabriel Landeskog wins face-off versus Alexander Kerfoot in Bruins zone.
16:43 of 3rd period - Zack Kassian is hit by Jordan Eberle and loses puck.
16:58 of 3rd period - Jason Demers is hit by J.T. Miller and loses puck.
17:25 of 3rd period - Penalty to Eric Wellwood is over, Eric Wellwood is back on ice.
17:37 of 3rd period - Snap shot by Tony DeAngelo.
17:37 of 3rd period - Deflect By Eric Wellwood.
17:37 of 3rd period - Stopped by Kevin Poulin without a rebound.
17:38 of 3rd period - Casey Cizikas wins face-off versus Gilbert Brule in Bruins zone.
17:38 of 3rd period - Casey Cizikas is hit by Gilbert Brule.
18:06 of 3rd period - Wrist shot by Chris Bourque.
18:06 of 3rd period - Stopped by Kevin Poulin without a rebound.
18:07 of 3rd period - Alexander Wennberg wins face-off versus J.T. Miller in Bruins zone.
18:09 of 3rd period - Minor Penalty to Torey Krug for Roughing.
18:10 of 3rd period - Alexander Kerfoot wins face-off versus Zack Kassian in Bruins zone.
19:35 of 3rd period - Robert Nilsson is hit by Adam Pelech and loses puck.
Goals for this period are 0 for Canucks vs 2 for Bruins.
Shots for this period are 8 for Canucks vs 6 for Bruins.